 Dungeon Sprint DCSS version 0.21.1-1-g345015f (webtiles) character file.

1001 Fang the Fighter (level 8, -1/127 HPs)
             Began as a Minotaur Berserker on Apr 27, 2018.
             Was a Believer of Trog.
             Slain by a yaktaur captain (10 damage)
             ... in the Dungeon (Sprint V: "Ziggurat Sprint").
             The game lasted 00:00:55 (118 turns).

Fang the Fighter (Minotaur Berserker)                Turns: 118, Time: 00:00:56

Health: -1/127     AC: 18    Str: 35    XL:     8   Next: 0%
Magic:  7/7        EV: 11    Int:  4    God:    Trog [**....]
Gold:   0          SH:  0    Dex: 10    Spells: 7/7 levels left

rFire    . . .     SeeInvis .   l - +5 demon trident
rCold    . . .     Gourm    .   (no shield)
rNeg     . . .     Faith    .   j - +5 shadow dragon scales
rPois    .         Spirit   .   (helmet restricted)
rElec    .         Reflect  .   (no cloak)
rCorr    .         Harm     .   (no gloves)
MR       .....     NoTele   +   (no boots)
Stlth    ..........             (no amulet)
HPRegen  0.31/turn              F - +6 ring of strength
MPRegen  0.10/turn              G - ring of flight

@: berserking (expiring), very quick
A: retaliatory headbutt, horns 2
a: Berserk, Trog's Hand, Burn Spellbooks, Renounce Religion, Evoke Flight


You were in the Dungeon.
You worshipped Trog.
Trog was pleased with you.
You were not hungry.

You visited 1 branch

Inventory:

Hand Weapons
 k - a +5 executioner's axe
 l - a +5 demon trident (weapon)
Armour
 j - +5 shadow dragon scales (worn)
Jewellery
 F - a +6 ring of strength (left hand)
 G - a ring of flight (right hand)
Wands
 x - a wand of disintegration (7)
 y - a wand of iceblast (7)
 z - a wand of acid (7)
Scrolls
 i - 4 scrolls of blinking
 m - 7 scrolls of fog
 n - a scroll of holy word
 o - 5 scrolls of identify
 p - 5 scrolls of remove curse
 q - 2 scrolls of fear
Potions
 d - 10 potions of curing
 e - 10 potions of heal wounds
 f - 6 potions of haste
 g - 7 potions of magic
 h - 3 potions of berserk rage
 r - 2 potions of brilliance
 s - 2 potions of invisibility
 t - 4 potions of resistance
 u - a potion of experience
 v - 5 potions of agility
 w - 5 potions of might
Miscellaneous
 a - a box of beasts
Comestibles
 c - 7 rations


   Skills:
 + Level 12.5 Fighting
 + Level 11.1(12.4) Axes
 + Level 9.2(11.5) Polearms
 + Level 7.6 Armour
 + Level 5.5 Dodging


You had 7 spell levels left.
You didn't know any spells.

Dungeon Overview and Level Annotations

Branches:
Dungeon (1/1)

Altars:
Ashenzari
Cheibriados
Dithmenos
Elyvilon
Fedhas
Gozag
Hepliaklqana
Kikubaaqudgha
Makhleb
Nemelex Xobeh
Okawaru
Qazlal
Ru
Sif Muna
Trog
Uskayaw
Vehumet
Wu Jian
Xom
Yredelemnul
Zin
The Shining One
Beogh
Jiyva
Lugonu

Annotations:
D 1 transporter


Innate Abilities, Weirdness & Mutations

You reflexively headbutt those who attack you in melee.
You have a pair of horns on your head.


Message History

The vault sentinel barely misses you.
Items here: ( ) [ † a morningstar; a leather armour; a bolt; a human corpse You puncture the yaktaur captain!
You headbutt the yaktaur captain.
The yaktaur captain is lightly wounded.
Unknown command.
You barely miss the yaktaur captain. You headbutt the yaktaur captain!
The yaktaur captain is moderately wounded.
The yaktaur captain hits you!
* * * LOW HITPOINT WARNING * * *
Unknown command.
You puncture the yaktaur captain! You headbutt the yaktaur captain!
The yaktaur captain is severely wounded.
The vault sentinel blows a loud note on a signal horn!
Unknown command.
You impale the yaktaur captain!!
Your headbutt misses the yaktaur captain.
The yaktaur captain is almost dead.
The yaktaur captain hits you!
You die...

▓▓▓▓▓▓▓▓▓▓▓▓▓
▓.8©8.▓.8©8.▓
▓.:}).▓.....▓
▓.....▓...=.▓
▓.....▓.....▓
▓..p..▓.....▓
▓.c@..▓..©..▓
▓..©..▓▓▓▓▓▓▓
▓▓▓▓▓▓▓


You could see a yaktaur captain and a vault sentinel.

Vanquished Creatures
  An ironheart preserver (D)
  2 white imps (D)
3 creatures vanquished.

Notes
Turn   | Place    | Note
-------+----------+-------------------------------------------
     0 | D        | Found the +6 Majin-Bo {vamp, Archmagi MP+6 Int+6}
     0 | D        | Found the +7 great mace "Firestarter" {inner flame, rF++}
     0 | D        | Fang the Minotaur Berserker began the quest for the Orb.
     0 | D        | Reached XP level 1. HP: 19/19 MP: 0/0
     3 | D        | Found a blossoming altar of Fedhas.
     4 | D        | Found a viscous altar of Jiyva.
     4 | D        | Found a hazy altar of Hepliaklqana.
     4 | D        | Found a transporter.
     4 | D        | Found an opulent altar of Gozag.
     4 | D        | Found an ancient bone altar of Kikubaaqudgha.
     4 | D        | Found a corrupted altar of Lugonu.
    10 | D        | Found a burning altar of Makhleb.
    13 | D        | Found a sacrificial altar of Ru.
    13 | D        | Found a deep blue altar of Sif Muna.
    13 | D        | Found a stormy altar of Qazlal.
    13 | D        | Found a bloodstained altar of Trog.
    13 | D        | Found an iron altar of Okawaru.
    13 | D        | Found a sparkling altar of Nemelex Xobeh.
    81 | D        | Entered arena 2.
    81 | D        | Found a transporter.
    85 | D        | Reached skill level 4 in Fighting
    88 | D        | Reached skill level 5 in Fighting
    88 | D        | Reached skill level 5 in Axes
    88 | D        | Reached XP level 2. HP: 29/29 MP: 1/1
   103 | D        | Entered arena 3.
   103 | D        | Noticed an ironheart preserver
   103 | D        | Noticed a yaktaur captain
   103 | D        | Noticed a vault sentinel
   103 | D        | Found a transporter.
   113 | D        | Killed an ironheart preserver
   113 | D        | Reached ** piety under Trog
   113 | D        | Reached skill level 12 in Fighting
   113 | D        | Reached skill level 5 in Dodging
   113 | D        | Reached XP level 3. HP: 11/49 MP: 2/2
   113 | D        | Reached XP level 4. HP: 13/57 MP: 3/3
   113 | D        | Reached XP level 5. HP: 14/63 MP: 4/4
   113 | D        | Reached XP level 6. HP: 16/71 MP: 5/5
   113 | D        | Reached XP level 7. HP: 18/78 MP: 6/6
   113 | D        | Reached XP level 8. HP: 19/85 MP: 7/7
   118 | D        | Slain by a yaktaur captain

Skill      XL: |  1  2 |
---------------+-------+-----
Fighting       | 5 12 | 12.5
Axes           | 5 11 | 11.1
Armour         | 3 7 |  7.6
Polearms       | 9 |  9.2
Dodging        | 5 |  5.5

Action                   |  1- 3 |  4- 6 |  7- 9 || total
-------------------------+-------+-------+-------++-------
Melee: Demon trident     |    14 |       |     4 ||    18
       Headbutt          |     2 |       |     3 ||     5
Invok: Berserk           |     1 |       |       ||     1
Armor: Shadow dragon sca |     8 |       |       ||     8
Dodge: Dodged            |     1 |       |     2 ||     3
